 Dungeon Crawl Stone Soup version 0.26-a0-712-ga5a9c9c9d0 (webtiles) character file.

Game seed: 9827807628181273010

113 kae the Changer (level 4, 0/38 HPs)
             Began as a Naga Transmuter on Nov 3, 2020.
             Slain by a white imp (5 damage)
             ... on level 4 of the Dungeon.
             The game lasted 00:02:16 (3651 turns).

kae the Changer (Naga Transmuter)                   Turns: 3651, Time: 00:02:16

Health: 0/38       AC:  2    Str: 13    XL:     4   Next: 96%
Magic:  5/7        EV: 10    Int: 13    God:
Gold:   121        SH:  0    Dex: 12    Spells: 3/7 levels left

rFire    . . .     SeeInvis +     - Unarmed
rCold    . . .     Faith    .   (no shield)
rNeg     . . .     Spirit   .   a - +0 robe
rPois    +         Reflect  .   (no helmet)
rElec    .         Harm     .   (no cloak)
rCorr    .         Rampage  .   (no gloves)
MR       .....                  (no barding)
Stlth    +.........             (no amulet)
HPRegen  0.12/turn              (no ring)
MPRegen  0.10/turn              (no ring)

@: very slow
A: large, see invisible, deformed body, poison resistance, slowness 2, spit
poison 1, AC +1
a: Spit Poison


You were on level 4 of the Dungeon.
You visited 1 branch of the dungeon, and saw 4 of its levels.

You collected 121 gold pieces.

Inventory:

Armour
 a - a +0 robe (worn)
Scrolls
 f - a scroll of amnesia
 g - a scroll of teleportation
Potions
 b - 3 potions of lignification
 c - a potion of mutation
 e - a potion of curing {unknown}
 h - a potion of might {unknown}
 j - a potion of resistance {unknown}
 k - a potion of cancellation {unknown}


   Skills:
 - Level 1.0 Fighting
 - Level 1.5 Dodging
 + Level 3.9 Unarmed Combat
 - Level 2.0 Spellcasting
 * Level 4.2 Transmutations


You had 3 spell levels left.
You knew the following spells:

 Your Spells              Type           Power        Failure   Level
a - Beastly Appendage     Tmut           ##....       4%          1
b - Spider Form           Tmut/Pois      #.........   32%         3

Your spell library contained the following spells:

 Spells                   Type           Power        Failure   Level
 Wereblood                Tmut           ##......     7%          2
 Ice Form                 Ice/Tmut       #.......     71%         4
 Blade Hands              Tmut           ##........   77%         5


Dungeon Overview and Level Annotations

Branches:
Dungeon (4/15)
 Temple: D:4-7

Altars:


Innate Abilities, Weirdness & Mutations

You cannot wear boots.
Your serpentine skin is tough. (AC +1)
You have supernaturally acute eyesight. (SInv)
Armour fits poorly on your strangely shaped body.
Your system is resistant to poisons. (rPois)
You cover ground very slowly.
You can spit poison.


Message History

The howler monkey skeleton barely misses you.
The white imp misses you.
You hit the howler monkey skeleton.
The howler monkey skeleton is severely damaged.
The howler monkey skeleton hits you. The white imp misses you.
The howler monkey skeleton hits you. The white imp barely misses you.
The howler monkey skeleton completely misses you.
The white imp gestures at you. The puff of frost hits you.
* * * LOW HITPOINT WARNING * * *
There is a stone staircase leading up here.
You hit the white imp.
The white imp is moderately wounded.
Your transformation has ended.
Your +0 robe unmelds from your body.
The howler monkey skeleton closely misses you.
The white imp hits you.
* * * LOW HITPOINT WARNING * * *
The white imp freezes you.
You die...

.....#.#. .....
........| ....#
.....$.##...# .
#..........# ..
##.........
...#........
........Z.##
#.......@.#
#......5..#
##...)....#
#........#
............#
.#.............
#.............
.............###
#$......##.....


You could see a white imp and a howler monkey skeleton.

Vanquished Creatures
  3 gnolls (D:3)
  An adder (D:3)
  An ooze (D:1)
  2 worms
  A dart slug (D:3)
  2 leopard geckos (D:1)
  An orc (D:3)
  6 giant cockroaches
  7 hobgoblins
  5 jackals (D:1)
  6 kobolds
  4 quokkas
  6 bats
  A frilled lizard (D:2)
  5 goblins
  3 rats
54 creatures vanquished.

Notes
Turn   | Place    | Note
-------+----------+-------------------------------------------
     0 | D:1      | kae the Naga Transmuter began the quest for the Orb.
     0 | D:1      | Reached XP level 1. HP: 18/18 MP: 3/3
   293 | D:1      | Reached XP level 2. HP: 9/25 MP: 5/5
   919 | D:1      | Reached skill level 3 in Transmutations
   935 | D:1      | Reached XP level 3. HP: 28/31 MP: 4/6
   943 | D:1      | Learned a level 3 spell: Spider Form
  2325 | D:3      | Reached XP level 4. HP: 33/38 MP: 7/7
  2629 | D:3      | Reached skill level 4 in Transmutations
  3651 | D:4      | Slain by a white imp

Illustrated notes

Levels and vault maps discovered:
D:1:      minmay_arrival_four_houses, layout_loops_ring,
          minmay_misc_feat_diagonals, minmay_pentomino_t2
D:2:      layout_loops_ring
D:3:      layout_loops_corners, hex_large
D:4:      layout_cave_pools, temple_fountains, hangedman_abyss_or_decor_stagger,
          kennysheep_generic_room_12

Skill      XL: |  1  2  3  4 |
---------------+-------------+-----
Transmutations | 3 4 |  4.2
Fighting       | |  1.0
Dodging        | |  1.5
Unarmed Combat | |  3.9
Spellcasting   | |  2.0

Action                   |  1- 3 |  4- 6 || total
-------------------------+-------+-------++-------
Melee: Unarmed           |   120 |    54 ||   174
       Headbutt          |     8 |     2 ||    10
       Punch             |     1 |       ||     1
 Cast: Beastly Appendage |    19 |     5 ||    24
       Spider Form       |       |     2 ||     2
 Abil: Spit Poison       |    25 |    16 ||    41
  Use: Scroll            |     3 |     4 ||     7
Armor: Robe              |    18 |     4 ||    22
Dodge: Dodged            |    91 |    39 ||   130

Table legend: (Time is in decaauts)
 A = Elapsed time spent in this place.
 B = Non-inter-level travel time spent in this place.
 C = Inter-level travel time spent in this place.
 D = Time resting spent in this place.
 E = Time spent auto-exploring this place.
 F = Levels seen in this place.
 G = Mean time per level.
                   A        B        C        D        E       F      G
               +--------+--------+--------+--------+--------+-----+--------+
         Total |   4366 |   4253 |    113 |    236 |   3564 |   4 | 1091.5 |
       Dungeon |   4366 |   4253 |    113 |    236 |   3564 |   4 | 1091.5 |
               +--------+--------+--------+--------+--------+-----+--------+

Top non-repeatable levels by time:
     D:1: 1826 daAuts
     D:3: 1668 daAuts
     D:2: 846 daAuts
     D:4: 24 daAuts
